 Dungeon Crawl Stone Soup version 0.28.0-49-g6dfe1f597d (webtiles) character file.

Game seed: 3701772694654430688

84 klau3 the Chopper (level 4, -3/41 HPs)
             Began as a Minotaur Berserker on May 13, 2022.
             Was a Believer of Trog.
             Slain by a quokka (4 damage)
             ... on level 2 of the Dungeon.
             The game lasted 00:03:02 (1748 turns).

klau3 the Chopper (Minotaur Berserker)              Turns: 1748, Time: 00:03:02

Health: -3/41      AC:  2    Str: 21    XL:     4   Next: 24%
Magic:  3/3        EV: 12    Int:  4    God:    Trog [**....]
Gold:   40         SH:  0    Dex: 12    Spells: 3/3 levels left

rFire   . . .      SeeInvis .   a - +0 hand axe
rCold   . . .      Faith    .   (no shield)
rNeg    . . .      Spirit   .   b - +0 animal skin
rPois   .          Reflect  .   (helmet restricted)
rElec   .          Harm     .   (no cloak)
rCorr   .          Rampage  .   (no gloves)
Will    .....                   (no boots)
Stlth   +.........              (no amulet)
HPRegen 0.13/turn               (no ring)
MPRegen 0.08/turn               (no ring)

@: on berserk cooldown
A: horns 2, retaliatory headbutt
a: Renounce Religion, Berserk, Trog's Hand


You were on level 2 of the Dungeon.
You worshipped Trog.
Trog was pleased with you.
You visited 1 branch of the dungeon, and saw 2 of its levels.

You collected 40 gold pieces.

Inventory:

Hand Weapons
 a - a +0 hand axe (weapon)
Armour
 b - a +0 animal skin (worn)
Scrolls
 d - a scroll of noise {unknown}
 e - a scroll of silence {unknown}
 f - 2 scrolls of blinking {unknown}
 h - a scroll of torment {unknown}
 i - a scroll of vulnerability {unknown}
 j - a scroll of enchant weapon {unknown}
Potions
 c - a potion of flight {unknown}
 g - a potion of attraction {unknown}


   Skills:
 + Level 4.4 Fighting
 + Level 5.0 Axes
 + Level 2.7 Armour
 + Level 2.8 Dodging
 + Level 0.2 Stealth


You had 3 spell levels left.
You didn't know any spells.
Your spell library contained the following spells:

 Spells                   Type           Power      Damage    Failure   Level
 Corpse Rot               Necr/Air       0%         N/A       65%         2
 Poisonous Vapours        Pois/Air       0%         N/A       65%         2
 Scorch                   Fire           0%         2d5       65%         2
 Flame Wave               Conj/Fire      0%         2d4       99%         4
 Summon Cactus Giant      Summ           0%         N/A       100%        6


Dungeon Overview and Level Annotations

Branches:
Dungeon (2/15)

Altars:


Innate Abilities, Weirdness & Mutations

You have a pair of horns on your head.
You reflexively headbutt those who attack you in melee.


Message History

The adder poisons you!
The ball python bites you but does no damage.
The ball python constricts you. The adder bites you.
You closely miss the adder.
The adder is almost dead.
You hit the ball python.
You kill the ball python!
Trog accepts your kill.
You feel sick. The adder bites you but does no damage.
You slash the adder!
You kill the adder!
Trog accepts your kill.
You can now call upon Trog for regeneration and willpower.
You feel sick.
You feel sick.
You feel sick.
You are no longer poisoned.
A quokka is nearby!
The quokka barely misses you.
You hit the quokka but do no damage. Your headbutt misses the quokka.
The quokka bites you but does no damage.
The quokka bites you.
* * * LOW HITPOINT WARNING * * *
You miss the quokka. Your headbutt misses the quokka.
You feel yourself speed up. The quokka bites you.
* * * LOW HITPOINT WARNING * * *
The quokka misses you.
You hit the quokka but do no damage. Your headbutt misses the quokka.
The quokka bites you.
* * * LOW HITPOINT WARNING * * *
You closely miss the quokka. The quokka bites you.
* * * LOW HITPOINT WARNING * * *
You hit the quokka.
The quokka is almost dead.
The quokka completely misses you.
You closely miss the quokka. Your headbutt misses the quokka.
The quokka is almost dead.
The quokka bites you.
You die...

....(.#.....#
###.#.#.#.#..###
#(.............#
.#####.#.......#..#.#
#..............†.##.#
...#.#.....#.#.##.#
..#.......#..##.# ##
#.#.#...#.#.#..#<# #.
#...r@..#.......#####.
#.#†#.#.#.#.#.##.......
.............########)
.r...#####.#..## #.
..<.... #.#.## ##
....... # ... ...
....... .... ###
....... ##


You could see a quokka.

Vanquished Creatures
  3 gnolls (D:2)
  2 adders (D:2)
  A worm (D:2)
  A dart slug (D:1)
  An endoplasm (D:1)
  A giant cockroach (D:1)
  4 hobgoblins
  2 kobolds (D:1)
  4 quokkas
  6 ball pythons
  4 bats
  A frilled lizard (D:1)
  A goblin (D:1)
  2 rats (D:1)
33 creatures vanquished.

Vanquished Creatures (others)
  A plant (D:1)
1 creature vanquished.

Grand Total: 34 creatures vanquished

Notes
Turn   | Place    | Note
-------+----------+-------------------------------------------
     0 | D:1      | klau3 the Minotaur Berserker began the quest for the Orb.
     0 | D:1      | Reached XP level 1. HP: 19/19 MP: 0/0
     0 | D:1      | Noticed an iron dragon
     0 | D:1      | Noticed a shadow dragon
     1 | D:1      | Noticed a green draconian
     3 | D:1      | Noticed a shadow dragon
     3 | D:1      | Noticed a large abomination
     4 | D:1      | Noticed a shadow dragon
    10 | D:1      | Noticed an iron dragon
    14 | D:1      | Noticed a shadow dragon
    14 | D:1      | Noticed an orb of fire
    16 | D:1      | Noticed a tentacled monstrosity
    18 | D:1      | Noticed an orb of fire
    18 | D:1      | Noticed an ice dragon
    18 | D:1      | Noticed a large abomination
    20 | D:1      | Noticed an ice dragon
    20 | D:1      | Noticed a shadow dragon
    22 | D:1      | Noticed an orb of fire
    24 | D:1      | Noticed a white draconian
   494 | D:1      | Reached skill level 4 in Axes
   494 | D:1      | Reached XP level 2. HP: 19/27 MP: 1/1
  1063 | D:1      | Found a faded altar of an unknown god.
  1500 | D:2      | Reached XP level 3. HP: 28/33 MP: 2/2
  1714 | D:2      | Reached XP level 4. HP: 40/40 MP: 3/3
  1719 | D:2      | Reached skill level 5 in Axes
  1738 | D:2      | Reached ** piety under Trog
  1746 | D:2      | HP: 1/41 [quokka (3)]
  1748 | D:2      | Slain by a quokka

Illustrated notes

Levels and vault maps discovered:
D:1:      shiori_arrival_whats_in_store_for_you, layout_rooms, serial_aquarium,
          aquarium_bridge_straight [aquarium_subvault_bridge,
          aquarium_subvault_window, aquarium_subvault_bridge,
          aquarium_subvault_wall], aquarium_window_corridor_3,
          aquarium_window_1, aquarium_view_2d, aquarium_view_2b,
          aquarium_balcony_3a, ebering_ecumenical_altar_box, serial_bayou_lake_a
D:2:      layout_loops_ring, minmay_misc_feat_iff, hangedman_decor_riveting,
          roderic_filled_cross, nicolae_wormholes

Skill      XL: |  1  2  3  4 |
---------------+-------------+-----
Axes           | 4 5 |  5.0
Fighting       | 4 |  4.4
Armour         | |  2.7
Dodging        | |  2.8
Stealth        | |  0.2

Action                   |  1- 3 |  4- 6 || total
-------------------------+-------+-------++-------
Melee: Hand axe          |    59 |    15 ||    74
       Headbutt          |     5 |       ||     5
Invok: Berserk           |     2 |       ||     2
Armor: Animal skin       |    15 |     7 ||    22
Dodge: Dodged            |    45 |     5 ||    50
